 Dungeon Crawl Stone Soup version 0.30.1-4-g462c640d31 (webtiles) character file.

Game seed: 12370913663393578438

143 Zeor the Gusty (level 5, -6/29 HPs)
             Began as a Deep Elf Air Elementalist on Aug 19, 2023.
             Mangled by a worm (7 damage)
             ... on level 3 of the Dungeon.
             The game lasted 00:10:06 (3071 turns).

Zeor the Gusty (Deep Elf Air Elementalist)          Turns: 3071, Time: 00:10:06

Health: -6/29      AC:  3    Str:  5    XL:     5   Next: 4%
Magic:  6/12       EV: 10    Int: 22    God:
Gold:   82         SH:  0    Dex: 15    Spells: 2/11 levels left

rFire   . . .        d - staff of conjuration
rCold   . . .        (no shield)
rNeg    . . .        a - +0 robe
rPois   .            (no helmet)
rElec   .            e - +0 cloak
rCorr   .            (no gloves)
SInv    .            (no boots)
Will    +....        (no amulet)
Stlth   ++           g - ring of willpower
HPRegen 0.24/turn    (no ring)
MPRegen 0.13/turn

%: no passive effects
@: mighty, swift, constricted, very quick
A: no striking features
a: no special abilities


You were on level 3 of the Dungeon.
You visited 1 branch of the dungeon, and saw 3 of its levels.

You collected 104 gold pieces.
You spent 22 gold pieces at shops.

Inventory:

Missiles
 i - 5 poisoned darts
Armour
 a - a +0 robe (worn)
 e - a +0 cloak (worn)
Magical Staves
 d - a staff of conjuration (weapon)
Jewellery
 g - a ring of willpower (left hand)
Scrolls
 f - a scroll of poison
Potions
 b - a potion of magic
 c - 2 potions of haste
 h - a potion of attraction
 j - a potion of brilliance


   Skills:
 * Level 1.3 Fighting
 + Level 0.6 Staves
 + Level 3.0 Dodging
 + Level 2.9 Stealth
 + Level 3.9 Spellcasting
 + Level 2.1 Conjurations
 + Level 4.1 Air Magic


You had 2 spell levels left.
You knew the following spells:

 Your Spells              Type           Power      Damage    Failure   Level
c - Vhi's Electric Charg  Tloc/Air       26%        N/A       14%         3
d - Static Discharge      Conj/Air       54%        2-5/arc   4%          2
f - Swiftness             Air            22%        N/A       6%          3
s - Shock                 Conj/Air       100%       1d9       3%          1

Your spell library contained the following spells:

 Spells                   Type           Power      Damage    Failure   Level
 Ensorcelled Hibernation  Hex/Ice        8%         N/A       17%         2
 Passwall                 Tmut/Erth      3%         N/A       17%         2
 Airstrike                Air            11%        2d(2-18)  21%         4
 Arcjolt                  Conj/Air       13%        1d23      65%         5
 Maxwell's Capacitive Co  Air            11%        ∞         100%        8


Dungeon Overview and Level Annotations

Branches:
Dungeon (3/15)

Altars:

Shops:
D:2 ?

Portals:
Sewer: D:3


Message History

The rat bites you but does no damage. The ball python bites you.
The adder barely misses you. The rat barely misses you. The worm bites you!
* * * LOW HITPOINT WARNING * * *
You escape the ball python's grasp.
The ball python closely misses you. The ball python grabs you.
You stop descending the stairs.
The ball python constricts you. The rat bites you.
* * * LOW HITPOINT WARNING * * *
The ball python closely misses you.
The ball python bites you but does no damage.
The adder bites you.
* * * LOW HITPOINT WARNING * * *
The rat bites you but does no damage.
Unknown command.
You escape the ball python's grasp.
The adder misses you. The ball python closely misses you.
The ball python grabs you.
You stop descending the stairs.
The ball python constricts you.
The rat splashes around in the water.
The ball python misses you.
The ball python bites you but does no damage.
The worm barely misses you. The rat bites you but does no damage.
Unknown command.
Casting: Static Discharge (safe; 4% risk of failure)
Confirm with . or Enter, or press ? or * to list all spells.
You feel a surge of power!
The ball python is struck by an arc of lightning.
You kill the ball python!
The rat is struck by an arc of lightning.
You kill the rat!
The lightning grounds out.
The adder closely misses you.
The ball python bites you but does no damage.
The ball python closely misses you. The ball python bites you.
* * * LOW HITPOINT WARNING * * *
The ball python grabs you. The ball python constricts you.
The rat barely misses you. The adder misses you.
It was a potion of might.
You feel very mighty all of a sudden. The ball python completely misses you.
The ball python barely misses you. The ball python constricts you.
* * * LOW HITPOINT WARNING * * *
The worm bites you!
You die...

∙∙▒ ▒∙∙∙▒ ▒∙∙∙<∙
∙∙▒▒▒▒▒▒∙∙∙▒▒▒▒▒▒∙∙∙∙∙∙
∙∙∙∙∙∙∙∙∙∙∙∙∙∙∙∙∙∙∙∙∙▒ ∙
∙∙∙∙∙∙∙∙∙∙∙∙∙∙∙∙∙∙∙∙∙▒∙∙
▒∙∙∙∙∙∙∙∙∙∙∙∙∙∙∙∙∙∙∙∙∙∙∙
∙∙▒▒▒▒▒▒∙∙∙▒∙∙∙∙∙∙∙∙∙▒▒∙
▒▒▒ ▒∙∙∙∙∙∙∙~~~∙∙∙∙∙∙
∙∙▒ ▒∙∙∙∙∙∙~S†~~∙∙∙∙∙
▒∙▒ ∙∙∙∙∙∙∙∙wSeS~∙∙▒▒▒
▒∙▒▒▒▒∙▒∙∙∙∙∙∙~rw~~∙∙∙∙∙
▒∙∙∙ ∙∙∙∙∙∙∙∙∙∙~~~∙∙∙▒∙∙
▒∙▒▒▒▒∙∙▒∙∙∙∙∙∙∙∙∙∙∙∙∙∙∙
∙∙∙∙∙∙∙∙▒▒▒∙∙∙∙∙∙∙∙∙∙∙∙∙
∙∙∙∙∙∙∙∙▒ ▒∙▒▒∙▒∙▒∙▒∙∙∙∙
∙∙∙▒∙∙∙∙∙∙∙∙ ▒∙∙∙∙∙▒▒▒▒∙
▒<†∙∙∙∙∙∙∙∙ ▒▒▒∙▒∙∙
▒∙∙▒∙∙▒∙▒


You could see 2 worms, an adder, 2 ball pythons and a rat.

Vanquished Creatures
  A hound (D:2)
  5 adders (D:2)
  5 dart slugs
  5 endoplasms
  3 giant cockroaches
  6 goblins
  4 hobgoblins
  8 kobolds
  A quokka (D:3)
  8 ball pythons
  3 bats
  6 frilled lizards
  5 rats
60 creatures vanquished.

Notes
Turn   | Place    | Note
-------+----------+-------------------------------------------
     0 | D:1      | Zeor the Deep Elf Air Elementalist began the quest for the
                  | Orb.
     0 | D:1      | Reached XP level 1. HP: 10/10 MP: 6/6
   160 | D:1      | Reached XP level 2. HP: 15/15 MP: 5/8
   514 | D:1      | Learned a level 2 spell: Static Discharge
   823 | D:1      | Reached XP level 3. HP: 14/19 MP: 0/9
  1713 | D:2      | Found Yxiso's Magic Scroll Emporium.
  1720 | D:2      | Bought a scroll of identify for 22 gold pieces
  1770 | D:2      | Learned a level 3 spell: Swiftness
  1858 | D:2      | Reached XP level 4. HP: 16/24 MP: 4/11
  2129 | D:2      | Reached skill level 1 in Fighting
  2147 | D:2      | Learned a level 3 spell: Vhi's Electric Charge
  2207 | D:2      | Reached skill level 4 in Air Magic
  2767 | D:3      | Reached XP level 5. HP: 29/29 MP: 10/12
  3058 | D:3      | Found a glowing drain.
  3070 | D:3      | HP: 1/29 [ball python (3)]
  3071 | D:3      | Mangled by a worm

Illustrated notes

Levels and vault maps discovered:
D:1:      erik_arrival_triangle_large, layout_loops_corners, st_stairs_5,
          chequers_serial_rivers_large_b
D:2:      minmay_chambers_of_ones, layout_rooms, serial_shops, shop,
          lexackson_kobold_supper
D:3:      minmay_diamond_boxcup, layout_loops_cross,
          nicolae_overflow_crystal_walls, portal_sewer_entry_a

Skill      XL: |  1  2  3  4 |
---------------+-------------+-----
Dodging        | 3 |  3.0
Fighting       | 1 |  1.3
Air Magic      | 4 |  4.1
Conjurations   | 2 |  2.1
Staves         | |  0.6
Stealth        | |  2.9
Spellcasting   | |  3.9

Action                     |  1- 3 |  4- 6 || total
---------------------------+-------+-------++-------
  Melee: Staff             |     9 |     8 ||    17
   Cast: Shock             |    50 |    28 ||    78
         Static Discharge  |     9 |     4 ||    13
         Swiftness         |       |     1 ||     1
    Use: Scroll            |     3 |     4 ||     7
         Potion            |       |     1 ||     1
   Stab: Sleeping          |       |     1 ||     1
 Armour: Robe              |     5 |    13 ||    18
  Dodge: Dodged            |    17 |    40 ||    57
